 Dungeon Crawl Stone Soup version 0.20.0-15-g7f486f2 (webtiles) character file.

182 dvd the Sneak (level 5, -1/25 HPs)
             Began as a Vine Stalker Enchanter on June 26, 2017.
             Slain by a worker ant (5 damage)
             ... on level 4 of the Dungeon.
             The game lasted 00:13:41 (4111 turns).

dvd the Sneak (Vine Stalker Enchanter)              Turns: 4111, Time: 00:13:42

Health: -1/25      AC:  4    Str: 10    XL:     5   Next: 61%
Magic:  0/10       EV: 12    Int: 16    God:
Gold:   190        SH:  0    Dex: 15    Spells: 2/10 levels left

rFire    + + .     SeeInvis .   a - +1 dagger
rCold    . . .     Gourm    .   (no shield)
rNeg     . . .     Faith    .   B - +2 robe {rF+}
rPois    .         Spirit   +   (no helmet)
rElec    .         Reflect  .   o - scarf {repulsion}
rCorr    .         Harm     .   (no gloves)
MR       .....                  (no boots)
Stlth    +++.......             (no amulet)
Regen    0.5/turn               u - ring of flight
MPRegen  0.2/turn               y - ring of protection from fire

@: very slightly contaminated, repel missiles
A: fangs 2, regeneration 1, magic shield, antimagic bite, no potion heal 3, rot
immunity
a: Evoke Flight


You were on level 4 of the Dungeon.
You were not hungry.

You visited 2 branches of the dungeon, and saw 5 of its levels.
You also visited: Ossuary.

You collected 190 gold pieces.

Inventory:

Hand Weapons
 a - a +1 dagger (weapon)
Armour
 o - a scarf of repulsion (worn)
 B - a +2 robe of fire resistance (worn)
Jewellery
 u - a ring of flight (left hand)
 y - a ring of protection from fire (right hand)
Wands
 w - a wand of confusion (20/48)
Scrolls
 f - 2 scrolls of immolation
 g - a scroll of amnesia
 i - a scroll of teleportation
 j - a scroll of identify
 n - a scroll of remove curse
 s - a scroll of enchant armour
Potions
 e - 2 potions of resistance {unknown}
 h - a potion of flight {unknown}
 k - 2 potions of might {unknown}
 l - 2 potions of degeneration {unknown}
 p - a potion of berserk rage {unknown}
 q - a potion of invisibility {unknown}
 t - a potion of magic {unknown}
 v - 2 potions of mutation
 x - a potion of brilliance {unknown}
 z - a potion of curing {unknown}
 A - a potion of haste {unknown}
Books
 c - a book of Maledictions

   Spells                             Type                      Level
   a - Corona                         Hexes                        1
   b - Ensorcelled Hibernation        Hexes/Ice                    2
   c - Confuse                        Hexes                        3
   d - Tukima's Dance                 Hexes                        3
   e - Dazzling Spray                 Conjuration/Hexes            3
Comestibles
 d - 2 bread rations
 m - 2 meat rations
 r - 4 fruits


   Skills:
 + Level 0.6 Fighting
 + Level 1.6 Short Blades
 + Level 1.7 Dodging
 + Level 4.7 Stealth
 + Level 3.1 Spellcasting
 + Level 4.2 Hexes
 + Level 1.4 Ice Magic


You had 2 spell levels left.
You knew the following spells:

 Your Spells              Type           Power        Failure   Level  Hunger
a - Tukima's Dance        Hex            ###.....     10%         3    ###....
b - Ensorcelled Hibernat  Hex/Ice        ##....       9%          2    ##.....
c - Confuse               Hex            ###.....     10%         3    ###....


Dungeon Overview and Level Annotations

Branches:
Dungeon (4/15)             Temple (1/1) D:4

Altars:
Cheibriados
Fedhas
Gozag
Hepliaklqana
Kikubaaqudgha
Makhleb
Okawaru
Qazlal
Ru
Sif Muna
Trog
Vehumet
Xom
Zin
The Shining One

Annotations:
D:3 Robin


Innate Abilities, Weirdness & Mutations

You have extremely sharp teeth.
Your natural rate of healing is unusually fast.
When hurt, damage is shared between your health and your magic reserves.
Your bite disrupts and absorbs the magic of your enemies.
Potions cannot restore your health.
You are immune to rotting.


Message History

The sentinel's mark upon you fades away.
The mummy hits you!
You hit the mummy.
The mummy is moderately damaged.
The mummy hits you but does no damage.
You hit the mummy.
The mummy is heavily damaged.
You hit the mummy. You bite the mummy, but do no damage.
The mummy is severely damaged.
The mummy hits you!
Ouch! That really hurt!
* * * LOW HITPOINT WARNING * * *
Unknown command.
There is an empty arch of ancient stone here.
There is a gate leading back out of this place here.
Unknown command.
Welcome back to the Dungeon!
The worker ant barely misses you.
The worker ant bites you but does no damage.
The worker ant bites you.
You die...

...... .........
..... .......... ....
.....!........
##.##8##......<....
###....##............
#......##............
#...................
##...#..............
#.@a##...##........
#a###8.............
#................##
.........########.#
..#........ ##. ###..
####......... ###.
..... ##.........
#... ...# ##........
#... #..# #........
#...


You could see 2 worker ants.

Vanquished Creatures
  An iguana (D:4)
  A worker ant (D:4)
  3 mummies (Ossuary)
  A gnoll (D:1)
  2 adders (D:3)
  A dart slug (D:2)
  A leopard gecko (D:1)
  3 ball pythons
  5 bats
  4 giant cockroaches
  11 goblins
  7 hobgoblins
  5 jackals
  5 kobolds
  A quokka (D:3)
  5 frilled lizards
  5 rats
61 creatures vanquished.

Vanquished Creatures (collateral kills)
  A gnoll (D:2)
1 creature vanquished.

Grand Total: 62 creatures vanquished

Notes
Turn   | Place    | Note
-------+----------+-------------------------------------------
     0 | D:1      | dvd the Vine Stalker Enchanter began the quest for the Orb.
     0 | D:1      | Reached XP level 1. HP: 9/9 MP: 4/4
   161 | D:1      | Reached skill level 1 in Short Blades
   456 | D:1      | Reached XP level 2. HP: 13/13 MP: 6/6
   460 | D:1      | Learned a level 2 spell: Ensorcelled Hibernation
  1247 | D:2      | Reached XP level 3. HP: 8/16 MP: 4/7
  1635 | D:2      | Found a blossoming altar of Fedhas.
  1918 | D:2      | Found a glowing golden altar of the Shining One.
  1919 | D:2      | Found a burning altar of Makhleb.
  2535 | D:3      | Learned a level 3 spell: Confuse
  2544 | D:3      | Found a glowing silver altar of Zin.
  2563 | D:3      | Found an ancient bone altar of Kikubaaqudgha.
  2737 | D:3      | Gained mutation: Your natural rate of healing is unusually fast. [Vine Stalker growth]
  2737 | D:3      | Reached XP level 4. HP: 21/21 MP: 9/9
  2792 | D:3      | Found a sacrificial altar of Ru.
  2843 | D:3      | Reached skill level 1 in Ice Magic
  2987 | D:3      | Noticed Robin
  3062 | D:3      | HP: 1/21 [goblin/dagger[Robin] (2)]
  3263 | D:1      | Learned a level 3 spell: Tukima's Dance
  3561 | D:4      | Reached XP level 5. HP: 24/24 MP: 10/10
  3596 | D:4      | Found a staircase to the Ecumenical Temple.
  3704 | Temple   | Entered the Ecumenical Temple
  4036 | D:4      | Found a sand-covered staircase.
  4042 | Ossuary  | Entered an ossuary
  4106 | Ossuary  | HP: 1/25 [mummy (16)]
  4111 | D:4      | Slain by a worker ant

Skill      XL: |  1  2  3  4 |
---------------+-------------+-----
Short Blades   | 1 |  1.6
Stealth        | 4 |  4.7
Ice Magic      | 1 |  1.4
Spellcasting   | 3 |  3.1
Hexes          | 4 |  4.2
Fighting       | |  0.6
Dodging        | |  1.7

Action                   |  1- 3 |  4- 6 || total
-------------------------+-------+-------++-------
Melee: Dagger            |    85 |    68 ||   153
       Bite              |     8 |    13 ||    21
 Cast: Corona            |     7 |       ||     7
       Ensorcelled Hiber |    39 |    14 ||    53
       Confuse           |       |     6 ||     6
       Tukima's Dance    |       |     1 ||     1
  Use: Scroll            |     6 |     4 ||    10
 Stab: Sleeping          |    22 |     8 ||    30
       Confused          |       |     4 ||     4
  Eat: Chunk             |     9 |     4 ||    13
       Meat ration       |       |     1 ||     1
Armor: Robe              |    22 |    18 ||    40
Dodge: Dodged            |    54 |    60 ||   114
